 Dungeon Crawl Stone Soup version 0.29-a0-221-gceb61267dd (webtiles) character file.

Game seed: 17652320388864787866

58 Ordine the Cudgeller (level 4, -14/28 HPs)
             Began as a Tengu Fighter on Feb 26, 2022.
             Demolished by a gnoll
             ... wielding a +0 halberd
              (16 damage)
             ... on level 3 of the Dungeon.
             The game lasted 00:03:04 (2116 turns).

Ordine the Cudgeller (Tengu Fighter)                Turns: 2116, Time: 00:03:05

Health: -14/28     AC:  3    Str: 18    XL:     4   Next: 2%
Magic:  5/5        EV: 10    Int: 11    God:
Gold:   77         SH:  5    Dex: 20    Spells: 3/3 levels left

rFire   . . .      SeeInvis .   a - +0 flail
rCold   . . .      Faith    .   c - +0 buckler
rNeg    . . .      Spirit   .   o - +1 robe "Upeu" {rPois Will- Int+3 Dex+6}
rPois   +          Reflect  .   (helmet restricted)
rElec   .          Harm     .   (no cloak)
rCorr   .          Rampage  .   (no gloves)
Will    .....                   (boots unavailable)
Stlth   ++........              (no amulet)
HPRegen 0.09/turn               (no ring)
MPRegen 0.09/turn               (no ring)

@: mighty
A: beak, talons 3
a: no special abilities


You were on level 3 of the Dungeon.
You visited 1 branch of the dungeon, and saw 3 of its levels.

You collected 77 gold pieces.

Inventory:

Hand Weapons
 a - a +0 flail (weapon)
Missiles
 f - 2 atropa-tipped darts (quivered)
 g - 6 datura-tipped darts
Armour
 c - a +0 buckler (worn)
 o - the +1 robe "Upeu" (worn) {rPois Will- Int+3 Dex+6}
   (You found it on level 2 of the Dungeon)

   Int:       It affects your intelligence (+3).
   Dex:       It affects your dexterity (+6).
   rPois:     It protects you from poison.
   Will:      It decreases your willpower.
Jewellery
 b - an amulet of magic regeneration
Scrolls
 e - a scroll of enchant weapon {unknown}
 h - 3 scrolls of identify {unknown}
 j - a scroll of noise {unknown}
 k - a scroll of enchant armour {unknown}
 l - a scroll of fear {unknown}
Potions
 i - a potion of resistance {unknown}
 m - a potion of flight {unknown}
 n - a potion of brilliance {unknown}
 p - a potion of curing {unknown}


   Skills:
 + Level 3.6 Fighting
 * Level 4.0 Maces & Flails
 - Level 3.2 Armour
 - Level 3.0 Shields


You had 3 spell levels left.
You didn't know any spells.
Your spell library was empty.

Dungeon Overview and Level Annotations

Branches:
Dungeon (3/15)

Altars:


Innate Abilities, Weirdness & Mutations

You have a beak for a mouth.
You have claws for feet.


Message History

You kill the gnoll!
The gnoll shaman mumbles some strange prayers to its god against you.
You resist with significant effort.
Your Maces & Flails skill increases to level 4!
You have reached level 4!
You feel agile.
You hit the gnoll shaman. Your kick misses the gnoll shaman.
The gnoll shaman is moderately wounded.
You block the gnoll shaman's attack.
The gnoll shouts!
You hit the gnoll shaman but do no damage.
You peck the gnoll shaman.
The gnoll shaman is moderately wounded.
The gnoll shaman hits you with a +0 club.
You hit the gnoll shaman. Your kick misses the gnoll shaman.
The gnoll shaman is heavily wounded.
You block the gnoll shaman's attack.
You closely miss the gnoll shaman.
You claw the gnoll shaman, but do no damage.
The gnoll shaman is heavily wounded.
The gnoll shaman hits you with a +0 club.
You block the gnoll's attack.
The gnoll shaman hits you with a +0 club.
You are too injured to fight recklessly!
You are too injured to fight recklessly!
You barely miss the gnoll shaman. Your kick misses the gnoll shaman.
The gnoll shaman is heavily wounded.
You block the gnoll's attack.
The gnoll shaman hits you with a +0 club!
* * * LOW HITPOINT WARNING * * *
A hobgoblin comes into view.
You feel very mighty all of a sudden. You block the gnoll's attack.
The gnoll shaman hits you with a +0 club.
* * * LOW HITPOINT WARNING * * *
You barely miss the gnoll shaman.
The gnoll shaman is heavily wounded.
The gnoll hits you from afar with a +0 halberd!
Ouch! That really hurt!
You die...

#........#
#.#####..#
#.#####..#
#........#
######...# #...#
#########...#
...#.....g##...#
..>..g)..gg@...#
.g.#...##g###..#
###.....##..#
..........#
#..#.?.##.##
#.........#
##.#.###### #.#.


You could see a gnoll shaman, 3 gnolls and a hobgoblin.

Vanquished Creatures
  A gnoll (D:3)
  2 worms (D:2)
  6 endoplasms
  3 goblins (D:2)
  5 hobgoblins
  2 jackals (D:1)
  7 kobolds
  A quokka (D:1)
  4 ball pythons
  3 bats (D:1)
  A frilled lizard (D:1)
  4 rats
39 creatures vanquished.

Notes
Turn   | Place    | Note
-------+----------+-------------------------------------------
     0 | D:1      | Ordine the Tengu Fighter began the quest for the Orb.
     0 | D:1      | Reached XP level 1. HP: 14/14 MP: 2/2
   157 | D:1      | Found a faded altar of an unknown god.
   309 | D:1      | Reached XP level 2. HP: 19/19 MP: 3/3
   389 | D:1      | Reached skill level 3 in Maces & Flails
   734 | D:1      | Reached XP level 3. HP: 21/23 MP: 4/4
  1456 | D:2      | Identified the +1 robe "Upeu" {rPois Will- Int+3 Dex+6}
  2105 | D:3      | Reached skill level 4 in Maces & Flails
  2105 | D:3      | Reached XP level 4. HP: 22/28 MP: 5/5
  2116 | D:3      | Demolished by a gnoll

Illustrated notes

Levels and vault maps discovered:
D:1:      minmay_arrival_glassed_features, layout_basic,
          dreamdust_ecumenical_altar_angels_and_demons, chequers_arboretum,
          minmay_tromino_v4_a
D:2:      layout_basic
D:3:      layout_basic, chequers_hall_statues_wall_a

Skill      XL: |  1  2  3 |
---------------+----------+-----
Maces & Flails | 3 4 |  4.0
Fighting       | |  3.6
Armour         | |  3.2
Shields        | |  3.0

Action                   |  1- 3 |  4- 6 || total
-------------------------+-------+-------++-------
Melee: Flail             |    93 |     6 ||    99
       Kick              |    14 |     1 ||    15
       Peck              |     8 |     1 ||     9
  Use: Potion            |       |     1 ||     1
 Stab: Sleeping          |     1 |       ||     1
Armor: Scale mail        |    29 |       ||    29
       Robe              |     1 |       ||     1
Dodge: Dodged            |    35 |       ||    35
Block: Buckler           |    19 |     5 ||    24

Table legend: (Time is in decaauts)
 A = Elapsed time spent in this place.
 B = Non-inter-level travel time spent in this place.
 C = Inter-level travel time spent in this place.
 D = Time resting spent in this place.
 E = Time spent auto-exploring this place.
 F = Levels seen in this place.
 G = Mean time per level.
                   A        B        C        D        E       F      G
               +--------+--------+--------+--------+--------+-----+--------+
         Total |   2142 |   2096 |     46 |      0 |   1806 |   3 |  714.0 |
       Dungeon |   2142 |   2096 |     46 |      0 |   1806 |   3 |  714.0 |
               +--------+--------+--------+--------+--------+-----+--------+

Top non-repeatable levels by time:
     D:1: 1137 daAuts
     D:2: 972 daAuts
     D:3: 33 daAuts
